[Event "M21"]
[Site "?"]
[Date "2022.08.01"]
[Round "3"]
[White "Soural, Jan"]
[Black "Tornberg, Carlos"]
[Result "1-0"]
[ECO "A61"]
[WhiteElo "2119"]
[BlackElo "1983"]
[Annotator ",martin-koller@seznam"]
[PlyCount "65"]
[TimeControl "240+2"]

{600MB, Fritz10.ctg} 1. d4 Nf6 2. c4 c5 3. d5 e6 4. Nc3 exd5 5. cxd5 d6 6. Nf3
g6 7. Bf4 a6 8. a4 Bg7 9. h3 O-O 10. e3 Re8 11. Nd2 Nh5 12. Bh2 f5 13. Be2 f4
14. O-O fxe3 15. fxe3 Bxc3 16. bxc3 Ng7 17. e4 Qg5 18. Bf4 Qe7 19. Nc4 Rd8 20.
Qd2 Qc7 21. a5 Ra7 22. Rf2 Ne8 23. Bg5 Nd7 24. Raf1 Ng7 25. Bxd8 Qxd8 26. Nxd6
b5 27. axb6 Nxb6 28. Rf8+ Qxf8 29. Rxf8+ Kxf8 30. Qf4+ Kg8 31. Nxc8 Nxc8 32.
Qb8 Ra8 33. Qxa8 1-0

[Event "M21"]
[Site "?"]
[Date "2022.08.01"]
[Round "3"]
[White "Guenther, Andreas"]
[Black "Hogeman, Joel"]
[Result "1-0"]
[ECO "D05"]
[WhiteElo "2088"]
[BlackElo "2160"]
[Annotator ",martin-koller@seznam"]
[PlyCount "43"]
[TimeControl "240+2"]

{600MB, Fritz10.ctg} 1. b3 Nf6 2. Bb2 e6 3. Nf3 b6 4. e3 Bb7 5. d4 d5 6. Bd3
Bd6 7. O-O O-O 8. Nbd2 c5 9. Ne5 Nc6 10. a3 Rc8 11. f4 Ne7 12. Qe2 Ne4 13. Nxe4
dxe4 14. Bc4 Nf5 15. Rad1 Qe7 16. d5 f6 17. dxe6 b5 18. Bxb5 fxe5 19. fxe5 Bc7
20. Rd7 Qg5 21. e7 Nxe7 22. Bc4+ 1-0

[Event "M21"]
[Site "?"]
[Date "2022.08.01"]
[Round "3"]
[White "Kleinschroth, Roland"]
[Black "Prieb, Robert"]
[Result "1/2-1/2"]
[ECO "B22"]
[WhiteElo "2085"]
[BlackElo "2111"]
[Annotator ",martin-koller@seznam"]
[PlyCount "34"]
[TimeControl "240+2"]

{600MB, Fritz10.ctg} 1. e4 c5 2. d4 cxd4 3. c3 d5 4. exd5 Qxd5 5. cxd4 e5 6.
Nf3 exd4 7. Qxd4 Qe6+ 8. Be2 Nc6 9. Qd1 Bc5 10. O-O Nf6 11. Nc3 O-O 12. Bg5 h6
13. Bxf6 Qxf6 14. Ne4 Qe7 15. Nxc5 Qxc5 16. Qb3 Be6 17. Qb5 Qxb5 1/2-1/2

[Event "M21"]
[Site "?"]
[Date "2022.08.01"]
[Round "3"]
[White "Hansch, Torsten"]
[Black "Hansch, Karsten"]
[Result "0-1"]
[ECO "D31"]
[WhiteElo "2055"]
[BlackElo "2320"]
[Annotator ",martin-koller@seznam"]
[PlyCount "30"]
[TimeControl "240+2"]

{600MB, Fritz10.ctg} 1. d4 d5 2. c4 c6 3. Nc3 e6 4. e4 dxe4 5. Nxe4 Bb4+ 6. Bd2
Qxd4 7. Bxb4 Qxe4+ 8. Be2 Na6 9. Bf8 Ne7 10. Bxg7 Nb4 11. Bxh8 e5 12. f3 Nc2+
13. Kf2 Qe3+ 14. Kg3 Nf5+ 15. Kh3 Qh6+ 0-1

[Event "M21"]
[Site "?"]
[Date "2022.08.01"]
[Round "3"]
[White "Lokander, Martin"]
[Black "Shubin, Daniel"]
[Result "1-0"]
[ECO "D36"]
[WhiteElo "2483"]
[BlackElo "2120"]
[Annotator ",martin-koller@seznam"]
[PlyCount "73"]
[TimeControl "240+2"]

{600MB, Fritz10.ctg} 1. d4 d5 2. c4 e6 3. Nc3 Nf6 4. cxd5 exd5 5. Bg5 Nbd7 6.
e3 c6 7. Bd3 Be7 8. Qc2 O-O 9. Nf3 Re8 10. O-O Nf8 11. h3 Be6 12. Ne5 N6d7 13.
Bxe7 Qxe7 14. f4 f6 15. Nxd7 Qxd7 16. f5 Bf7 17. Rf3 Qd6 18. g4 Rac8 19. h4 c5
20. Qf2 a6 21. Kh1 b5 22. Rg1 Kh8 23. Ne2 c4 24. Bb1 b4 25. Nf4 Re7 26. g5 Rd7
27. g6 Be8 28. gxh7 Nxh7 29. Rfg3 Nf8 30. Qg2 Rcc7 31. h5 Qc6 32. h6 Qb7 33.
Qh3 Kg8 34. Ne6 Nxe6 35. fxe6 Re7 36. Qf5 g6 37. Rxg6+ 1-0

[Event "K21"]
[Site "?"]
[Date "2022.08.01"]
[Round "3"]
[White "Ekberg, Karl"]
[Black "Karas, Eugenia"]
[Result "0-1"]
[ECO "D31"]
[WhiteElo "1951"]
[BlackElo "1844"]
[Annotator ",martin-koller@seznam"]
[PlyCount "98"]
[TimeControl "240+2"]

{600MB, Fritz10.ctg} 1. d4 d5 2. c4 e6 3. Nc3 Be7 4. e4 dxe4 5. Nxe4 Nf6 6.
Nxf6+ Bxf6 7. Nf3 O-O 8. Bd3 Nc6 9. Be3 b6 10. O-O Bb7 11. Rc1 Nb4 12. Bb1 a5
13. a3 Na6 14. Qc2 g6 15. Ne5 Bg7 16. Rfd1 Qe7 17. Ng4 Qh4 18. Qe2 f5 19. Ne5
Bxe5 20. dxe5 f4 21. Bd2 f3 22. Qe3 fxg2 23. Qg3 Qxg3 24. hxg3 Nc5 25. Be3 Nb3
26. Rc3 Nc5 27. Bxc5 bxc5 28. Re3 Rad8 29. Rxd8 Rxd8 30. Be4 Bxe4 31. Rxe4 Rd4
32. Re3 Rxc4 33. Kxg2 a4 34. Kf3 Rc2 35. Re2 Rxe2 36. Kxe2 h5 37. f4 Kg7 38.
Kd3 g5 39. fxg5 Kg6 40. Kc4 Kxg5 41. Kxc5 Kg4 42. Kc6 Kxg3 43. Kd7 h4 44. Kxe6
h3 45. Kd7 h2 46. e6 h1=Q 47. e7 Qd5+ 48. Kc8 Qe6+ 49. Kd8 Qd6+ 0-1

[Event "K21"]
[Site "?"]
[Date "2022.08.01"]
[Round "3"]
[White "Husa, Daniel"]
[Black "Reichmann, Steffen"]
[Result "1/2-1/2"]
[ECO "A87"]
[WhiteElo "1843"]
[BlackElo "1948"]
[Annotator ",martin-koller@seznam"]
[PlyCount "50"]
[TimeControl "240+2"]

{600MB, Fritz10.ctg} 1. d4 d6 2. c4 f5 3. Nc3 Nf6 4. Nf3 g6 5. g3 Bg7 6. Bg2
O-O 7. O-O Qe8 8. Re1 Qf7 9. b3 Ne4 10. Qd3 Nxc3 11. Qxc3 c5 12. e3 Nc6 13. Bb2
Bd7 14. Qd2 Rad8 15. Rad1 e5 16. dxc5 dxc5 17. Qd6 e4 18. Ne5 Nxe5 19. Bxe5
Bxe5 20. Qxe5 b6 21. Rd2 Qe6 22. Qc7 Qc6 23. Qxc6 Bxc6 24. Red1 Rxd2 25. Rxd2
Kf7 1/2-1/2

[Event "K21"]
[Site "?"]
[Date "2022.08.01"]
[Round "3"]
[White "Wiege, Hannes"]
[Black "Schoenmakers, Nico"]
[Result "1-0"]
[ECO "D02"]
[WhiteElo "1791"]
[BlackElo "1816"]
[Annotator ",martin-koller@seznam"]
[PlyCount "87"]
[TimeControl "240+2"]

{600MB, Fritz10.ctg} 1. d4 d5 2. g3 e6 3. Bg2 c6 4. Nf3 Nf6 5. Nbd2 Nbd7 6. Ne5
Be7 7. O-O O-O 8. f4 Ne8 9. e3 f6 10. Nxd7 Bxd7 11. Qe2 f5 12. c4 Nf6 13. Nf3
Be8 14. Ne5 Ne4 15. Bxe4 dxe4 16. Bd2 c5 17. Bc3 b6 18. Rfd1 Qc7 19. d5 exd5
20. Rxd5 Bc6 21. Nxc6 Qxc6 22. Rad1 Rad8 23. Qh5 Qg6 24. Qxg6 hxg6 25. Be5 Rxd5
26. Rxd5 Rd8 27. Bc7 Rxd5 28. cxd5 Bf6 29. d6 Bxb2 30. d7 Bf6 31. d8=Q+ Bxd8
32. Bxd8 Kf7 33. Bc7 Ke6 34. Kf2 Kd5 35. Ke2 Kc4 36. Be5 b5 37. Kd2 a5 38. Kc2
a4 39. Bxg7 b4 40. h3 Kb5 41. g4 fxg4 42. hxg4 Kc6 43. Bf8 Kd5 44. g5 1-0

[Event "K21"]
[Site "?"]
[Date "2022.08.01"]
[Round "3"]
[White "Rutsatz, Mario"]
[Black "Nelson, Wayne"]
[Result "1-0"]
[ECO "D02"]
[WhiteElo "1898"]
[BlackElo "1895"]
[Annotator ",martin-koller@seznam"]
[PlyCount "117"]
[TimeControl "240+2"]

{600MB, Fritz10.ctg} 1. d4 c6 2. Nf3 d5 3. Bf4 Nf6 4. e3 Bg4 5. h3 Bh5 6. Be2
e6 7. O-O Bd6 8. Bxd6 Qxd6 9. c4 O-O 10. Nc3 Nbd7 11. Qc2 Rfe8 12. cxd5 exd5
13. b4 Bg6 14. Qb2 Ne4 15. b5 Nxc3 16. Qxc3 cxb5 17. Bxb5 a6 18. Bd3 Rac8 19.
Qb3 Rc7 20. Bxg6 hxg6 21. a4 b6 22. Qd3 Ra8 23. Rfc1 Rxc1+ 24. Rxc1 Qb4 25. Qc2
Rf8 26. Qc6 Nf6 27. Ne5 b5 28. axb5 Qxb5 29. Rc5 Qb1+ 30. Kh2 Qf1 31. Rc2 Qb5
32. Ra2 Qxc6 33. Nxc6 Ra8 34. Ra5 Ne4 35. f3 Nc3 36. Nb4 Re8 37. Nc2 Ra8 38.
Kg3 Kf8 39. Kf4 f6 40. e4 dxe4 41. fxe4 g5+ 42. Kf3 Re8 43. Rxa6 Nxe4 44. Ne3
Nd2+ 45. Kf2 Ne4+ 46. Ke2 Kf7 47. Ra7+ Re7 48. Rxe7+ Kxe7 49. Nf5+ Kf8 50. Kd3
Nf2+ 51. Kc4 g6 52. Ne3 Ke8 53. Kc5 Ne4+ 54. Kc6 Kd8 55. d5 f5 56. Nc4 Nf6 57.
Ne5 g4 58. hxg4 Nxg4 59. Nxg4 1-0

[Event "K21"]
[Site "?"]
[Date "2022.08.01"]
[Round "3"]
[White "Oelmann, Henry"]
[Black "Vesely, Jaromir"]
[Result "1/2-1/2"]
[ECO "E51"]
[WhiteElo "1952"]
[BlackElo "1929"]
[Annotator ",martin-koller@seznam"]
[PlyCount "132"]
[TimeControl "240+2"]

{600MB, Fritz10.ctg} 1. d4 Nf6 2. c4 e6 3. Nc3 Bb4 4. e3 O-O 5. Bd3 d5 6. a3
Be7 7. Nf3 c5 8. O-O cxd4 9. exd4 b6 10. cxd5 Nxd5 11. Nxd5 exd5 12. Qc2 h6 13.
Bf4 Bb7 14. Bc7 Qe8 15. Rfe1 Nc6 16. Bb5 Qc8 17. Bg3 Bf6 18. Qd3 Qg4 19. h3 Qh5
20. Ba4 Rac8 21. Bc2 g6 22. Rac1 Rfe8 23. Bb1 Kg7 24. Rcd1 Na5 25. Bf4 Re4 26.
Bc1 Nc4 27. Qf1 Qf5 28. Re2 Ba6 29. Bd3 Rce8 30. b3 Qc8 31. bxc4 Rxe2 32. Bxe2
dxc4 33. Bb2 Rxe2 34. Qxe2 c3 35. Qc2 cxb2 36. Qxc8 Bxc8 37. Rb1 Bb7 38. Ne5
Be7 39. Rxb2 f6 40. Nc4 Kf7 41. Ne3 f5 42. g3 Ke6 43. a4 Bf3 44. Rb3 Bc6 45. a5
bxa5 46. d5+ Bxd5 47. Nxd5 Kxd5 48. Rb5+ Bc5 49. Rxa5 Kd4 50. Kf1 g5 51. Ke2
Kc4 52. f3 Kb4 53. Ra6 Bb6 54. Kd3 Kb5 55. Ra2 a5 56. Re2 Bc7 57. g4 fxg4 58.
hxg4 a4 59. Kc3 Ba5+ 60. Kb2 Bc7 61. Re6 Kc5 62. Rxh6 Kd5 63. Ra6 Kd4 64. Rxa4+
Ke3 65. Ra3+ Ke2 66. Kc2 Bf4 1/2-1/2

[Event "M21"]
[Site "?"]
[Date "2022.08.02"]
[Round "4"]
[White "Shubin, Daniel"]
[Black "Kleinschroth, Roland"]
[Result "1/2-1/2"]
[ECO "B01"]
[WhiteElo "2120"]
[BlackElo "2085"]
[Annotator ",martin-koller@seznam"]
[PlyCount "49"]
[TimeControl "240+2"]

{600MB, Fritz10.ctg} 1. e4 d5 2. exd5 Qxd5 3. Nc3 Qa5 4. d4 Nf6 5. Bd2 Bg4 6.
Nf3 Qf5 7. Bd3 Bxf3 8. Bxf5 Bxd1 9. Rxd1 e6 10. Bh3 c6 11. O-O Be7 12. Ne2 Nbd7
13. Rfe1 O-O 14. Nf4 Bd6 15. g3 Rfe8 16. Be3 Nd5 17. c4 Nxf4 18. gxf4 Nf6 19.
Rd3 g6 20. Rb3 Re7 21. Kg2 Rae8 22. Kf3 Bb8 23. Bf1 Rd7 24. Be2 Red8 25. Kg2
1/2-1/2

[Event "M21"]
[Site "?"]
[Date "2022.08.02"]
[Round "4"]
[White "Hogeman, Joel"]
[Black "Prieb, Robert"]
[Result "0-1"]
[ECO "B25"]
[WhiteElo "2160"]
[BlackElo "2111"]
[Annotator ",martin-koller@seznam"]
[PlyCount "45"]
[TimeControl "240+2"]

{600MB, Fritz10.ctg} 1. e4 c5 2. g3 Nc6 3. Bg2 g6 4. d3 Bg7 5. f4 d6 6. Nf3 Nf6
7. Nc3 Nd4 8. Be3 Ng4 9. Bg1 Qb6 10. Rb1 Qa5 11. Qd2 O-O 12. h3 Nxf3+ 13. Bxf3
Bxc3 14. bxc3 Qxa2 15. hxg4 Qxb1+ 16. Ke2 f6 17. g5 fxg5 18. f5 Qa2 19. fxg6
hxg6 20. c4 Qb2 21. Be3 Qf6 22. Bg2 Bg4+ 23. Ke1 0-1

[Event "M21"]
[Site "?"]
[Date "2022.08.02"]
[Round "4"]
[White "Gunter, Andreas"]
[Black "Soural, Jan"]
[Result "0-1"]
[ECO "A01"]
[WhiteElo "2088"]
[BlackElo "2119"]
[Annotator ",martin-koller@seznam"]
[PlyCount "108"]
[TimeControl "240+2"]

{600MB, Fritz10.ctg} 1. b3 e5 2. Bb2 Nc6 3. e3 Nf6 4. Bb5 e4 5. d3 a6 6. Bxc6
dxc6 7. Nc3 Bf5 8. d4 Bd6 9. h3 h5 10. Qd2 Qe7 11. O-O-O O-O-O 12. Nb1 h4 13.
Ne2 Rh6 14. c4 Bg6 15. Nf4 Bxf4 16. exf4 e3 17. Qxe3 Qxe3+ 18. fxe3 Re8 19.
Rde1 Be4 20. Nd2 Bxg2 21. Rh2 Rg6 22. Rg1 Be4 23. Rg5 Bd3 24. Nf3 Rxe3 25. Ne5
Rxg5 26. fxg5 Ne4 27. Kd1 Bf1 28. Nxf7 Bxh3 29. d5 Bg4+ 30. Kc2 Bh5 31. Bd4 Re1
32. Nh8 Re2+ 33. Rxe2 Bxe2 34. Bxg7 h3 35. Be5 Nxg5 36. dxc6 Nf3 37. cxb7+ Kxb7
38. Bg3 h2 39. Bxh2 Nxh2 40. Nf7 Nf3 41. Kc3 Bf1 42. Nd8+ Kb6 43. Ne6 Bh3 44.
Nf4 Bc8 45. Nd3 Kc6 46. Nb4+ Kd6 47. Nd3 Ng5 48. b4 Bf5 49. Nc1 Ke5 50. Nb3
Ne4+ 51. Kb2 Be6 52. Na5 Kd4 53. c5 Bd5 54. a4 Nxc5 0-1

[Event "M21"]
[Site "?"]
[Date "2022.08.02"]
[Round "4"]
[White "Tornberg, Carlos"]
[Black "Hansch, Torsten"]
[Result "1/2-1/2"]
[ECO "B22"]
[WhiteElo "1983"]
[BlackElo "2055"]
[Annotator ",martin-koller@seznam"]
[PlyCount "123"]
[TimeControl "240+2"]

{600MB, Fritz10.ctg} 1. e4 c5 2. c3 Nf6 3. e5 Nd5 4. d4 cxd4 5. Nf3 d6 6. cxd4
dxe5 7. dxe5 Nc6 8. a3 g6 9. Qb3 Bg7 10. Bc4 Be6 11. Nc3 Nxc3 12. Bxe6 fxe6 13.
Qxc3 Qd5 14. O-O Nxe5 15. Nxe5 Bxe5 16. Qb4 Bd6 17. Qa4+ b5 18. Qh4 Rc8 19. Be3
O-O 20. Bxa7 Rf5 21. Rfd1 Rh5 22. Rxd5 Rxh4 23. Rd4 Bxh2+ 24. Kf1 Rxd4 25. Bxd4
Bd6 26. Re1 Kf7 27. Re3 Rc4 28. Rf3+ Ke8 29. Bc3 Kd7 30. Rf7 Bxa3 31. Rxh7 Kd6
32. Rh3 Bb4 33. Rd3+ Kc5 34. Bg7 e5 35. g3 Rc1+ 36. Kg2 e4 37. Rd7 Kc6 38. Rd8
Kc7 39. Rd4 Rc4 40. Rd5 Bc5 41. b4 Bxb4 42. Rxb5 Bc5 43. Rb2 e3 44. fxe3 Bxe3
45. Re2 Bg5 46. Kf3 Kd7 47. Be5 Ke8 48. Re4 Rc6 49. Rg4 Bd2 50. Rh4 Kf7 51. Rh2
Bb4 52. Bd4 Ke6 53. Ke4 Rc1 54. Ra2 Re1+ 55. Kd3 Kd5 56. Bf2 Rb1 57. Ra6 Bd6
58. Ra5+ Kc6 59. Ra4 Rh1 60. Ke2 Rc1 61. Kf3 Rc3+ 62. Kg4 neèitelné 1/2-1/2

[Event "K21"]
[Site "?"]
[Date "2022.08.02"]
[Round "4"]
[White "Karas, Eugenia"]
[Black "Husa, Daniel"]
[Result "1/2-1/2"]
[ECO "E01"]
[WhiteElo "1844"]
[BlackElo "1843"]
[Annotator ",martin-koller@seznam"]
[PlyCount "35"]
[TimeControl "240+2"]

{600MB, Fritz10.ctg} 1. d4 d5 2. c4 e6 3. Nf3 Nf6 4. g3 c5 5. cxd5 Nxd5 6. e4
Nf6 7. Nc3 cxd4 8. Qxd4 Qxd4 9. Nxd4 a6 10. e5 Nd5 11. Bd2 Nxc3 12. Bxc3 Bd7
13. Bg2 Nc6 14. Nxc6 Bxc6 15. Bxc6+ bxc6 16. O-O-O Rd8 17. Ba5 Rd5 18. Rxd5
1/2-1/2

[Event "K21"]
[Site "?"]
[Date "2022.08.02"]
[Round "4"]
[White "Wiege, Hannes"]
[Black "Rutsatz, Mario"]
[Result "1/2-1/2"]
[ECO "D79"]
[WhiteElo "1791"]
[BlackElo "1898"]
[Annotator ",martin-koller@seznam"]
[PlyCount "51"]
[TimeControl "240+2"]

{600MB, Fritz10.ctg} 1. d4 Nf6 2. g3 d5 3. Bg2 c5 4. c3 cxd4 5. cxd4 Nc6 6. Nc3
g6 7. Nf3 Bg7 8. O-O O-O 9. Bf4 Qb6 10. b3 Bf5 11. e3 Rac8 12. Rc1 Rfd8 13. Nh4
Bg4 14. Qd2 h6 15. h3 Be6 16. Be5 Qa5 17. f4 Nxe5 18. fxe5 Ne8 19. Qd3 Nc7 20.
Na4 Na6 21. Nxg6 Rxc1 22. Nxe7+ Kf8 23. Ng6+ Kg8 24. Ne7+ Kf8 25. Ng6+ Kg8 26.
Ne7+ 1/2-1/2

[Event "K21"]
[Site "?"]
[Date "2022.08.02"]
[Round "4"]
[White "Nelson, Wayne"]
[Black "Ekberg, Karl"]
[Result "1-0"]
[ECO "D02"]
[WhiteElo "1895"]
[BlackElo "1951"]
[Annotator ",martin-koller@seznam"]
[PlyCount "89"]
[TimeControl "240+2"]

{600MB, Fritz10.ctg} 1. d4 d5 2. Nf3 Nf6 3. Bf4 e6 4. e3 Bd6 5. Bg5 h6 6. Bh4
O-O 7. c4 c6 8. Nc3 Nbd7 9. Bd3 dxc4 10. Bxc4 b5 11. Bd3 b4 12. Ne4 Be7 13. O-O
Nxe4 14. Bxe7 Qxe7 15. Bxe4 Bb7 16. Rc1 Rfc8 17. Qe2 Nf6 18. Bb1 c5 19. Rfd1
Ne4 20. Nd2 Nxd2 21. Qxd2 Qg5 22. f4 Qd5 23. dxc5 Rxc5 24. Qxd5 Rxd5 25. Rxd5
Bxd5 26. e4 Bb7 27. Rc7 Ba6 28. Kf2 g6 29. Ke3 Bf1 30. g3 Rd8 31. Bc2 a6 32. e5
Bb5 33. a4 bxa3 34. bxa3 Kf8 35. g4 g5 36. f5 exf5 37. gxf5 Rd5 38. Rxf7+ Ke8
39. e6 Rc5 40. Be4 Rc3+ 41. Kd4 Rxa3 42. Rh7 Ra4+ 43. Ke5 Rc4 44. Rh8+ Ke7 45.
f6# 1-0

[Event "K21"]
[Site "?"]
[Date "2022.08.02"]
[Round "4"]
[White "Reichmann, Steffen"]
[Black "Vesely, Jaromir"]
[Result "1-0"]
[ECO "A03"]
[WhiteElo "1946"]
[BlackElo "1929"]
[Annotator ",martin-koller@seznam"]
[PlyCount "107"]
[TimeControl "240+2"]

{600MB, Fritz10.ctg} 1. d3 d5 2. f4 g6 3. g3 Bg7 4. Nf3 Nc6 5. Bg2 Bg4 6. O-O
Bxf3 7. Bxf3 e5 8. Nc3 Nge7 9. e4 dxe4 10. dxe4 O-O 11. Be3 Qxd1 12. Raxd1 Rad8
13. Bc5 b6 14. Ba3 Rfe8 15. Nb5 Nd4 16. Nxd4 Rxd4 17. Rxd4 exd4 18. Rd1 c5 19.
b4 Rc8 20. bxc5 bxc5 21. Rb1 Rc7 22. Rb5 c4 23. Bd6 Rd7 24. e5 d3 25. cxd3 cxd3
26. Kf2 Bf8 27. Rb8 Kg7 28. Ke1 d2+ 29. Kd1 a5 30. Ra8 g5 31. Be4 Ng6 32. Bc6
Rxd6 33. exd6 Bxd6 34. fxg5 Ne5 35. Bd5 Bb4 36. a3 Bxa3 37. Kxd2 Bb4+ 38. Ke2
Kg6 39. h4 Kf5 40. Bf3 f6 41. gxf6 Kxf6 42. g4 h6 43. Ra6+ Kg7 44. Ke3 Ng6 45.
h5 Ne5 46. Be2 Nf7 47. Kf4 Nd6 48. Ke5 Nf7+ 49. Kf5 Nd6+ 50. Ke6 Ne4 51. Ra7+
Kh8 52. Kf5 Ng3+ 53. Kg6 Bf8 54. Ra8 1-0

[Event "K21"]
[Site "?"]
[Date "2022.08.02"]
[Round "4"]
[White "Schoenmakers, Nico"]
[Black "Oelmann, Henry"]
[Result "1/2-1/2"]
[ECO "C47"]
[WhiteElo "1816"]
[BlackElo "1952"]
[Annotator ",martin-koller@seznam"]
[PlyCount "120"]
[TimeControl "240+2"]

{600MB, Fritz10.ctg} 1. e4 e5 2. Nf3 Nf6 3. Nc3 Nc6 4. d4 exd4 5. Nxd4 Bc5 6.
Nxc6 bxc6 7. Bd3 O-O 8. O-O h6 9. h3 Re8 10. Qf3 d5 11. exd5 cxd5 12. b3 Be6
13. Bb2 c6 14. Ne2 Ne4 15. Bxe4 dxe4 16. Qc3 Bf8 17. Rfd1 Qg5 18. Qg3 Qc5 19.
c4 Rad8 20. Nc3 Bf5 21. Na4 Qe7 22. Qf4 Bg6 23. Qe3 Rd3 24. Qe1 Qd7 25. Rdc1
Rd8 26. Qe2 Rd2 27. Qe3 Qf5 28. Bc3 R2d3 29. Qe2 Bd6 30. Qg4 Qf4 31. Qxf4 Bxf4
32. Re1 f5 33. Ba5 Bd2 34. Bxd8 Bxe1 35. Rxe1 Rxd8 36. Nc3 Rd3 37. Rc1 Kf7 38.
Kf1 Kf6 39. Ke1 Ke5 40. Na4 Bh5 41. Nb2 Rd8 42. Na4 f4 43. Nb2 g5 44. c5 Bf7
45. Ke2 Rd4 46. Rc3 Kf5 47. Rc1 Bh5+ 48. Ke1 g4 49. hxg4+ Kxg4 50. Nc4 Rd5 51.
Nd6 Bg6 52. Rc4 f3 53. g3 Kh3 54. Rc3 Kg2 55. b4 Rd4 56. b5 cxb5 57. Nxb5 Rd3
58. Rc2 a6 59. Nc3 e3 60. fxe3+ Kxg3 1/2-1/2

[Event "M21"]
[Site "?"]
[Date "2022.08.02"]
[Round "5"]
[White "Soural, Jan"]
[Black "Hogeman, Joel"]
[Result "0-1"]
[ECO "E01"]
[WhiteElo "2119"]
[BlackElo "2160"]
[Annotator ",martin-koller@seznam"]
[PlyCount "80"]
[TimeControl "240+2"]

{600MB, Fritz10.ctg} 1. d4 Nf6 2. c4 e6 3. g3 d5 4. Nf3 Bb4+ 5. Bd2 Bd6 6. Bg2
O-O 7. O-O c6 8. Qc1 b6 9. Bg5 Ba6 10. Nbd2 Nbd7 11. e4 dxe4 12. Nxe4 Be7 13.
Nxf6+ Bxf6 14. Rd1 Rc8 15. b3 Qe7 16. Bxf6 Nxf6 17. Ne5 Bb7 18. c5 Rfd8 19. Nc4
bxc5 20. Qa3 Nd5 21. dxc5 Rb8 22. Rd3 Qc7 23. Rad1 Bc8 24. Qa5 Qxa5 25. Nxa5
Bd7 26. a3 Rdc8 27. b4 Be8 28. f4 g6 29. Kf2 Kf8 30. R1d2 Ke7 31. Bf3 h5 32.
Bd1 Kd8 33. Kf3 Kc7 34. Bb3 Rd8 35. Ba4 Bd7 36. Rd1 e5 37. R1d2 Bg4+ 38. Kf2 e4
39. Nxc6 exd3 40. Rxd3 Nxb4 0-1

[Event "M21"]
[Site "?"]
[Date "2022.08.02"]
[Round "5"]
[White "Prieb, Robert"]
[Black "Shubin, Daniel"]
[Result "0-1"]
[ECO "D37"]
[WhiteElo "2111"]
[BlackElo "2120"]
[Annotator ",martin-koller@seznam"]
[PlyCount "70"]
[TimeControl "240+2"]

{600MB, Fritz10.ctg} 1. d4 d5 2. Nf3 Nf6 3. c4 e6 4. Nc3 Nbd7 5. Bf4 Bb4 6. e3
Ne4 7. Qc2 g5 8. Bg3 h5 9. cxd5 exd5 10. Qb3 c5 11. dxc5 Bxc3+ 12. bxc3 Ndxc5
13. Bb5+ Kf8 14. Qb4 f6 15. Nd2 a5 16. Qa3 Qe7 17. Nxe4 dxe4 18. Rd1 Nd3+ 19.
Rxd3 Qxa3 20. Bd6+ Kf7 21. Bxa3 exd3 22. Bxd3 Be6 23. c4 Rac8 24. c5 b6 25. Ba6
Rc7 26. Ke2 bxc5 27. Rc1 Bxa2 28. Rxc5 Rxc5 29. Bxc5 Ra8 30. Bb7 Rb8 31. Be4
Bc4+ 32. Kd2 a4 33. Kc3 Be6 34. Bc2 Rc8 35. Kb4 a3 0-1

[Event "M21"]
[Site "?"]
[Date "2022.08.02"]
[Round "5"]
[White "Lokander, Martin"]
[Black "Tornberg, Carlos"]
[Result "1-0"]
[ECO "C72"]
[WhiteElo "2483"]
[BlackElo "1983"]
[Annotator ",martin-koller@seznam"]
[PlyCount "55"]
[TimeControl "240+2"]

{600MB, Fritz10.ctg} 1. e4 e5 2. Nf3 Nc6 3. Bb5 a6 4. Ba4 d6 5. O-O Bg4 6. h3
h5 7. Bxc6+ bxc6 8. d4 Qf6 9. Nbd2 Ne7 10. Re1 Bxf3 11. Nxf3 Ng6 12. Qd3 Qe6
13. Qc3 Kd7 14. b3 f6 15. Ba3 Ne7 16. Rad1 Kc8 17. Nd2 exd4 18. Qxd4 c5 19. Qc3
g5 20. b4 cxb4 21. Bxb4 Qe5 22. Qc4 g4 23. Nb3 Ng6 24. Bc3 Qe7 25. Qd5 Rb8 26.
Qf5+ Qd7 27. Qxg6 gxh3 28. Nc5 1-0

[Event "M21"]
[Site "?"]
[Date "2022.08.02"]
[Round "5"]
[White "Kleinschroth, Roland"]
[Black "Hansch, Karsten"]
[Result "0-1"]
[ECO "B13"]
[WhiteElo "2085"]
[BlackElo "2320"]
[Annotator ",martin-koller@seznam"]
[PlyCount "80"]
[TimeControl "240+2"]

{600MB, Fritz10.ctg} 1. e4 c6 2. d4 d5 3. exd5 cxd5 4. c4 Nf6 5. Nc3 Nc6 6. Nf3
Bg4 7. cxd5 Nxd5 8. Qb3 Bxf3 9. gxf3 e6 10. Qxb7 Nxd4 11. Bb5+ Nxb5 12. Qc6+
Ke7 13. Qxb5 Qd7 14. Nxd5+ Qxd5 15. Qxd5 exd5 16. Be3 Ke6 17. Ke2 Bd6 18. Rac1
Rhc8 19. Kd3 a5 20. h3 a4 21. Rxc8 Rxc8 22. Rc1 Ra8 23. Bd4 f6 24. Rc6 Kd7 25.
Rb6 Bc7 26. Rb5 Kc6 27. Rc5+ Kd6 28. Rb5 h5 29. Rb7 Re8 30. Ra7 Re1 31. Rxa4
Rh1 32. b4 Rxh3 33. b5 Rxf3+ 34. Ke2 Rf4 35. b6 Re4+ 36. Kf1 Bxb6 37. Ra6 Rxd4
38. Rxb6+ Ke5 39. Rb7 g5 40. Kg2 Ra4 0-1

[Event "K21"]
[Site "?"]
[Date "2022.08.02"]
[Round "5"]
[White "Oelmann, Henry"]
[Black "Reichmann, Steffen"]
[Result "1-0"]
[ECO "A80"]
[WhiteElo "1952"]
[BlackElo "1946"]
[Annotator ",martin-koller@seznam"]
[PlyCount "80"]
[TimeControl "240+2"]

{600MB, Fritz10.ctg} 1. Nf3 d6 2. d4 f5 3. h4 Nf6 4. h5 c5 5. c3 Qc7 6. Bf4 Nc6
7. dxc5 e5 8. cxd6 Bxd6 9. Bg5 Ne4 10. Qb3 Nc5 11. Qc2 e4 12. Nfd2 Be6 13. Na3
a6 14. Nac4 Be7 15. Bxe7 Kxe7 16. g4 b5 17. Ne3 Nd4 18. Qc1 Rac8 19. gxf5 Nxf5
20. Nxf5+ Bxf5 21. Nb3 Ne6 22. Rg1 Qe5 23. Qe3 Rhd8 24. Rd1 Rxd1+ 25. Kxd1 Rd8+
26. Kc1 Kf8 27. Bh3 Bxh3 28. Qxh3 Nf4 29. Qe3 Nxh5 30. Nd4 Qh2 31. Qg5 Re8 32.
Nf5 Qf4+ 33. e3 Qxg5 34. Rxg5 g6 35. Nd4 Nf6 36. Kd2 Kf7 37. Rc5 h5 38. Ke2 h4
39. Kf1 h3 40. Rg5 Rh8 1-0

[Event "K21"]
[Site "?"]
[Date "2022.08.02"]
[Round "5"]
[White "Vesely, Jaromir"]
[Black "Karas, Eugenia"]
[Result "1-0"]
[ECO "D58"]
[WhiteElo "1929"]
[BlackElo "1844"]
[Annotator ",martin-koller@seznam"]
[PlyCount "85"]
[TimeControl "240+2"]

{600MB, Fritz10.ctg} 1. d4 d5 2. c4 e6 3. Nc3 Nf6 4. Nf3 Be7 5. Bg5 h6 6. Bh4
O-O 7. e3 b6 8. Bd3 dxc4 9. Bxc4 Bb7 10. Qe2 Ne4 11. Bg3 a6 12. Bd3 Nxc3 13.
bxc3 c5 14. O-O b5 15. Rad1 c4 16. Bb1 Nd7 17. e4 Re8 18. Ne5 Nxe5 19. Bxe5 a5
20. d5 exd5 21. exd5 Bd6 22. f4 Bc8 23. Qe4 g6 24. Qd4 Qe7 25. Bxd6 Qxd6 26. f5
g5 27. Qg4 f6 28. Qh5 Qf8 29. Qg6+ Kh8 30. Rde1 Bd7 31. Re6 Bxe6 32. fxe6 Qg7
33. Rxf6 Qxg6 34. Rxg6 Rad8 35. Rxh6+ Kg7 36. Rg6+ Kf8 37. Rxg5 b4 38. Bg6 Re7
39. Bf7 Rxf7 40. exf7 Kxf7 41. Rg4 b3 42. Rxc4 b2 43. Rc7+ 1-0

[Event "K21"]
[Site "?"]
[Date "2022.08.02"]
[Round "5"]
[White "Husa, Daniel"]
[Black "Nelson, Wayne"]
[Result "1/2-1/2"]
[ECO "D13"]
[WhiteElo "1843"]
[BlackElo "1895"]
[Annotator ",martin-koller@seznam"]
[PlyCount "53"]
[TimeControl "240+2"]

{600MB, Fritz10.ctg} 1. d4 c6 2. c4 d5 3. cxd5 cxd5 4. Nf3 Nf6 5. Nc3 Nc6 6.
Bf4 a6 7. e3 e6 8. Bd3 Be7 9. h3 Bd7 10. O-O O-O 11. a3 Rc8 12. Ne5 Na5 13. Rc1
b5 14. Qe2 Nc4 15. a4 b4 16. b3 Nd6 17. Na2 a5 18. Rxc8 Nxc8 19. Rc1 Nd6 20. f3
Nh5 21. Bh2 g6 22. Qc2 Nf6 23. Qc7 Nf5 24. Kf2 Bd6 25. Qxd8 Rxd8 26. Nxd7 Rxd7
27. Bxd6 1/2-1/2

[Event "K21"]
[Site "?"]
[Date "2022.08.02"]
[Round "5"]
[White "Ekberg, Karl"]
[Black "Wiege, Hannes"]
[Result "1/2-1/2"]
[ECO "D35"]
[WhiteElo "1951"]
[BlackElo "1791"]
[Annotator ",martin-koller@seznam"]
[PlyCount "91"]
[TimeControl "240+2"]

{600MB, Fritz10.ctg} 1. d4 d5 2. c4 e6 3. Nc3 Nf6 4. cxd5 exd5 5. Bg5 Be7 6. e3
Be6 7. Bd3 Nbd7 8. Qc2 O-O 9. Nge2 h6 10. Bh4 c5 11. O-O Rc8 12. Rad1 Nh5 13.
Bxe7 Qxe7 14. dxc5 Rxc5 15. Nd4 Nhf6 16. Rfe1 Ne5 17. f3 Rfc8 18. Qf2 Nc4 19.
Na4 Ra5 20. Bxc4 dxc4 21. Nc3 Nd5 22. Nf5 Qf6 23. Nxd5 Rxd5 24. Rxd5 Bxd5 25.
e4 Be6 26. Nd6 Rc6 27. e5 Qd8 28. Nxb7 Qb6 29. Nd6 Qa5 30. f4 g6 31. Ne4 Qxa2
32. Qh4 Kg7 33. Qf6+ Kh7 34. Qd8 Rc8 35. Nf6+ Kg7 36. Nh5+ gxh5 37. Qf6+ Kh7
38. f5 Qa5 39. Rf1 Qd8 40. fxe6 Qxf6 41. Rxf6 fxe6 42. Rxe6 Rb8 43. Rc6 Rxb2
44. Rxc4 Re2 45. Ra4 Rxe5 46. Rxa7+ 1/2-1/2